 Dungeon Crawl Stone Soup version 0.31-a0-1370-gf52a5a9ab3 (webtiles) character file.

Game seed: 405013487821855556

5297 Inarius the Grappler (level 10, -1/101 HPs)
             Began as a Troll Chaos Knight on Dec 21, 2023.
             Was a Plaything of Xom.
             Slain by a sun demon (9 damage)
             ... summoned by a kobold demonologist
             ... on level 9 of the Dungeon on Dec 23, 2023.
             The game lasted 00:10:43 (6387 turns).

Inarius the Grappler (Troll Chaos Knight)           Turns: 6387, Time: 00:10:45

Health: -1/101     AC:  9    Str: 31    XL:     10   Next: 37%
Magic:  9/9        EV: 11    Int:  7    God:    Xom [..*...]
Gold:   589        SH:  5    Dex: 13    Spells: 9/9 levels left

rFire   + .          .
                       - Unarmed
rCold   . . .        (no shield)
rNeg    . . .        a - +2 robe
rPois   +            p - +2 hat {Stlth+}
rElec   .            D - +0 cloak
rCorr   .            (gloves unavailable)
SInv    +            (boots unavailable)
Will    .....        i - amulet of reflection
Stlth   +++          C - +6 ring of strength
HPRegen 1.16/turn    r - ring "Nuufuigo" {Wiz rPois rF+ SInv}
MPRegen 0.11/turn

%: reflection, wizardry (x1)
@: no status effects
A: large, unfitting armour, claws 3, regeneration 1, shaggy fur 1, tough skin 1,
agile 1, mutation resistance 1, poison resistance, robust 1
a: Renounce Religion


You were on level 9 of the Dungeon.
You worshipped Xom.
You were a toy of Xom.
You visited 1 branch of the dungeon, and saw 9 of its levels.
You also visited: Ossuary.

You collected 769 gold pieces.
You spent 180 gold pieces at shops.

Inventory:

Missiles
 y - 2 throwing nets
Armour
 a - a +2 robe (worn)
 p - a +2 hat of stealth (worn)
 D - a +0 cloak (worn)
Jewellery
 e - a ring of protection from cold
 i - an amulet of reflection (around neck)
 l - a ring of protection from cold
 r - the ring "Nuufuigo" (right claw) {Wiz rPois rF+ SInv}
   (You found it on level 3 of the Dungeon)

   [ring of wizardry]

   Wiz:       It improves your spell success rate.
   rF+:       It protects you from fire.
   rPois:     It protects you from poison SInv: It lets you see invisible.
 A - a ring of fire
 C - a +6 ring of strength (left claw)
 E - the ring "Sigumnith" {*Corrode AC+4 Dex+4}
   (You found it on level 8 of the Dungeon)

   [ring of protection]

   AC+4:      It affects your AC (+4).
   Dex+4:     It affects your dexterity (+4).
   *Corrode:  It may corrode you when you take damage.
Wands
 j - a wand of flame (42)
 o - a wand of mindburst (15)
 B - a wand of quicksilver (26)
Scrolls
 b - a scroll of butterflies
 c - 4 scrolls of fear
 h - a scroll of enchant armour
 k - 3 scrolls of fog {unknown}
 n - a scroll of torment {unknown}
 s - a scroll of enchant weapon
 t - 5 scrolls of immolation {unknown}
 u - 2 scrolls of teleportation
 v - 3 scrolls of vulnerability {unknown}
 F - a scroll of noise {unknown}
Potions
 d - 4 potions of curing
 f - 2 potions of haste
 g - 2 potions of enlightenment
 q - 4 potions of mutation {unknown}
 w - a potion of resistance {unknown}
 z - 3 potions of attraction


   Skills:
 + Level 4.0 Fighting
 + Level 5.2 Dodging
 + Level 2.7 Stealth
 + Level 2.5 Shields
 + Level 11.3 Unarmed Combat
 * Level 4.5 Evocations


You had 9 spell levels left.
You didn't know any spells.
Your spell library contained the following spells:

 Spells                   Type           Power      Damage    Failure   Level
 Apportation              Tloc           0%         N/A       19%         1
 Slow                     Hex            0%         N/A       19%         1
 Blink                    Tloc           0%         N/A       26%         2
 Cigotuvi's Dreadful Rot  Necr/Alch/Air  0%         N/A       26%         2
 Jinxbite                 Hex            0%         N/A       26%         2
 Lesser Beckoning         Tloc           0%         N/A       26%         2
 Momentum Strike          Conj/Tloc      0%         3d8       26%         2
 Confusing Touch          Hex            0%         N/A       45%         3
 Sigil of Binding         Hex            0%         N/A       45%         3
 Vampiric Draining        Necr           0%         2d6       45%         3
 Dispel Undead            Necr           0%         3d6       86%         4
 Alistair's Intoxication  Alch           0%         N/A       99%         5
 Death Channel            Necr           0%         N/A       100%        6


Dungeon Overview and Level Annotations

Branches:
Dungeon (9/15)             Temple (0/1) D:4            Lair (0/5) D:9
Ossuary (visited)
    Orc: D:9-12

Altars:
Hepliaklqana
Trog

Shops:
D:5 **


Innate Abilities, Weirdness & Mutations

You are too large for most types of armour.
You have claws for hands.
Your natural rate of healing is unusually fast.
You are covered in fur. (AC +1)
You have tough skin. (AC +1)
You are agile. (Dex +4, Str/Int -1)
You are somewhat resistant to further mutation.
Your system is resistant to poisons. (rPois)
You are robust. (+10% HP)


Message History

You claw the kobold.
The kobold is severely wounded.
You mangle the kobold!!
You kill the kobold!
The kobold throws a stone.
The stone hits you but does no damage.
A kobold comes into view. It is wielding a +0 dagger.
The iron imp shouts!
The kobold barely misses you. The sun demon barely misses you.
Items here: ( )) †.
You scratch the kobold.
You kill the kobold!
You barely miss the kobold. The sun demon barely misses you.
You block the kobold's attack.
You scratch the kobold but do no damage.
The sun demon hits you!
You are engulfed in flames!
You resist. The kobold barely misses you.
You closely miss the kobold. The sun demon hits you!
You are engulfed in flames.
You resist.
You completely miss the kobold.
The sun demon hits you but does no damage.
The kobold closely misses you.
You barely miss the kobold. The sun demon hits you!!
You are engulfed in flames!
You resist. The kobold hits you but does no damage.
You closely miss the kobold. Your claw misses the kobold.
The sun demon hits you but does no damage.
You claw the kobold demonologist!
The kobold demonologist is heavily wounded.
The sun demon hits you!!
* * * LOW HITPOINT WARNING * * *
You are engulfed in flames!
You resist.
* * * LOW HITPOINT WARNING * * *
You feel much better. You block the sun demon's attack.
The kobold demonologist hits you but does no damage.
You claw the kobold demonologist!
The kobold demonologist is almost dead.
The sun demon hits you!!
* * * LOW HITPOINT WARNING * * *
You are engulfed in flames!
You resist.
You die...
Xom howls with laughter!

. .# .## ##.# ###
#####.. ...# #..
..##.### ##..#
#.####)##.#.#..#..#
#.....)).......#5K#####
#...#.###.###..#3KK...#
#.#............#@#
#.#.#.###.).#.##)#
#.#.#...#.....##.#
#.#.....>..#####.#
#.#######........#
#<.........#######
############


You could see a sun demon (summoned), a kobold demonologist, an iron imp
(summoned) and 2 kobolds.

Vanquished Creatures
  Pikel (D:5)
  4 yaks (D:8)
  3 water moccasins
  3 orc warriors
  2 sky beasts
  2 black bears
  4 ogres
  3 centaurs
  3 lemures (D:5)
  A weeping skull (Ossuary)
  An elf zombie (Ossuary)
  2 phantoms
  A kobold brigand (D:6)
  4 bullfrogs
  A gnoll sergeant (D:5)
  A scorpion (D:6)
  5 wights
  4 killer bees
  2 howler monkeys
  An electric eel (D:8)
  4 hounds
  2 human zombies (Ossuary)
  Crazy Yiuf (D:7)
  2 jellies
  4 iguanas
  11 orc wizards
  2 mummies (Ossuary)
  12 adders
  25 gnolls
  2 shadow imps (D:6)
  A white imp (D:7)
  3 bombardier beetles
  2 ufetubi (D:5)
  5 worms
  4 dart slugs
  43 orcs
  11 endoplasms
  8 giant cockroaches
  7 goblins
  5 hobgoblins
  18 jackals
  2 quokkas (D:1)
  5 ball pythons
  A bat (D:2)
  6 frilled lizards
  15 kobolds
  3 kobold zombies
  An orc zombie (D:4)
  4 rats
257 creatures vanquished.

Vanquished Creatures (collateral kills)
  An ice beast (D:6)
  3 wights (D:7)
  A mummy (D:4)
  A white imp (D:6)
  An orc (D:4)
  A giant cockroach (D:4)
  A hobgoblin (D:4)
  2 kobolds (D:6)
11 creatures vanquished.

Vanquished Creatures (others)
  A burial acolyte (Ossuary)
  A gnoll (D:5)
  An orc (D:5)
3 creatures vanquished.

Grand Total: 271 creatures vanquished

Notes
Turn   | Place    | Note
-------+----------+-------------------------------------------
     0 | D:1      | Inarius the Troll Chaos Knight began the quest for the Orb.
     0 | D:1      | Reached XP level 1. HP: 22/22 MP: 0/0
     0 | D:1      | Upgraded the game from 0.31-a0-1336-g7fd7ca34b5 to
                  | 0.31-a0-1370-gf52a5a9ab3
    71 | D:1      | Found a faded altar of an unknown god.
   142 | D:1      | Reached XP level 2. HP: 29/29 MP: 1/1
   387 | D:1      | Reached XP level 3. HP: 36/36 MP: 2/2
   430 | D:1      | XOM: silly message
   524 | D:1      | XOM: silly message
   551 | D:1      | XOM: silly message
   731 | D:2      | XOM: potion effect (haste)
   738 | D:2      | Reached skill level 4 in Unarmed Combat
   814 | D:2      | Reached XP level 4. HP: 45/45 MP: 3/3
   820 | D:2      | XOM: potion effect (brilliance)
   832 | D:2      | XOM: silly message
  1144 | D:3      | Reached XP level 5. HP: 53/53 MP: 4/4
  1386 | D:3      | Reached skill level 5 in Unarmed Combat
  1426 | D:3      | XOM: god gift: +2 hat of stealth
  1439 | D:3      | XOM is BORED!
  1439 | D:3      | XOM: give mutation
  1439 | D:3      | Gained mutation: You are somewhat resistant to further
                  | mutation. [Xom's mischief]
  1499 | D:3      | Identified the ring "Nuufuigo" {Wiz rPois rF+ SInv}
  1580 | D:3      | XOM: scenery: summon butterflies
  1813 | D:4      | Found a staircase to the Ecumenical Temple.
  1822 | D:4      | Noticed a phantom
  1831 | D:4      | XOM: summons friendly soul eater
  1835 | D:4      | Killed a phantom
  1836 | D:4      | Reached XP level 6. HP: 55/61 MP: 5/5
  1858 | D:4      | XOM: cleaving
  1859 | D:4      | Reached skill level 6 in Unarmed Combat
  1864 | D:4      | XOM: fake destruction
  1903 | D:4      | Reached skill level 1 in Evocations
  1955 | D:4      | Found a sand-covered staircase.
  1961 | Ossuary  | Entered an ossuary
  1961 | Ossuary  | Found a huge runed translucent gate.
  1961 | Ossuary  | Found a huge runed translucent gate.
  1961 | Ossuary  | Found a huge runed translucent gate.
  1961 | Ossuary  | Found a huge runed translucent gate.
  1961 | Ossuary  | Found a huge runed translucent gate.
  1961 | Ossuary  | Found a huge runed translucent gate.
  1961 | Ossuary  | Found a huge runed translucent gate.
  1961 | Ossuary  | Found a huge runed translucent gate.
  1962 | Ossuary  | Found a huge runed translucent gate.
  1962 | Ossuary  | Found a huge runed translucent gate.
  1962 | Ossuary  | Found a huge runed translucent gate.
  1963 | Ossuary  | Found a huge runed translucent gate.
  1963 | Ossuary  | Found a huge runed translucent gate.
  1965 | Ossuary  | Found a huge runed translucent gate.
  1965 | Ossuary  | Found a huge runed translucent gate.
  1980 | Ossuary  | Found a huge runed translucent gate.
  1980 | Ossuary  | Found a huge runed translucent gate.
  1980 | Ossuary  | Found a huge runed translucent gate.
  1980 | Ossuary  | Found a huge runed translucent gate.
  2007 | Ossuary  | Found a huge runed translucent gate.
  2007 | Ossuary  | Found a huge runed translucent gate.
  2009 | Ossuary  | Found a huge runed translucent gate.
  2009 | Ossuary  | Found a huge runed translucent gate.
  2010 | Ossuary  | Found a huge runed translucent gate.
  2010 | Ossuary  | Found a huge runed translucent gate.
  2011 | Ossuary  | Found a huge runed translucent gate.
  2011 | Ossuary  | Found a huge runed translucent gate.
  2011 | Ossuary  | Found a huge runed translucent gate.
  2023 | Ossuary  | Reached XP level 7. HP: 64/67 MP: 6/6
  2023 | Ossuary  | Found a huge runed translucent gate.
  2023 | Ossuary  | Found a huge runed translucent gate.
  2031 | Ossuary  | Found a huge runed translucent gate.
  2031 | Ossuary  | Found a huge runed translucent gate.
  2031 | Ossuary  | Found a huge runed translucent gate.
  2031 | Ossuary  | Found a huge runed translucent gate.
  2031 | Ossuary  | Found a huge runed translucent gate.
  2049 | Ossuary  | XOM: scenery: 28 doors close
  2075 | Ossuary  | Reached skill level 7 in Unarmed Combat
  2582 | D:4      | XOM: give mutations
  2582 | D:4      | Gained mutation: You are agile. (Dex +4, Str/Int -1) [Xom's
                  | grace]
  2582 | D:4      | Gained mutation: You are robust. (+10% HP) [Xom's grace]
  2646 | D:5      | Found Zuck's General Store.
  2646 | D:5      | XOM: stealth player
  2646 | D:5      | Entered Level 5 of the Dungeon
  2649 | D:5      | Found Ekozxukh's Specific Store.
  2659 | D:5      | Bought a potion of heal wounds for 60 gold pieces
  2659 | D:5      | Bought a potion of haste for 120 gold pieces
  2662 | D:5      | Noticed Pikel
  2689 | D:5      | Killed Pikel
  2690 | D:5      | Reached skill level 1 in Stealth
  2690 | D:5      | Reached skill level 1 in Shields
  2690 | D:5      | Reached skill level 8 in Unarmed Combat
  2690 | D:5      | Reached XP level 8. HP: 82/82 MP: 7/7
  2982 | D:5      | XOM: fog
  2997 | D:5      | XOM: give mutation
  2997 | D:5      | Gained mutation: Your system is resistant to poisons.
                  | (rPois) [Xom's grace]
  3028 | D:5      | Reached skill level 9 in Unarmed Combat
  3383 | D:5      | XOM: cleaving
  3391 | D:5      | XOM: divine lightning
  3397 | D:5      | Reached XP level 9. HP: 87/91 MP: 8/8
  3474 | D:5      | XOM: god gift: book of Decay
  3530 | D:5      | XOM: cloud trail
  3567 | D:6      | XOM: polymorph water moccasin -> iguana
  3701 | D:6      | XOM: summons 9 friendly demons
  3732 | D:6      | Reached skill level 10 in Unarmed Combat
  4063 | D:6      | XOM: scenery: 1 doors close
  4140 | D:7      | XOM: 4-stop teleportation journey
  4377 | D:7      | Noticed Jeremiah
  4390 | D:7      | XOM: divination: detect items
  4396 | D:7      | Jeremiah changed into Jeremiah the ogre
  4396 | D:7      | Noticed Jeremiah
  4396 | D:7      | XOM: polymorph Jeremiah -> Jeremiah the ogre
  4408 | D:7      | XOM: confusion (+ monsters)
  4414 | D:7      | Killed Jeremiah the ogre
  4643 | D:7      | XOM: enchant monster (good)
  5160 | D:7      | Found a runed translucent door.
  5161 | D:7      | Noticed Crazy Yiuf
  5294 | D:7      | Killed Crazy Yiuf
  5348 | D:8      | Found a hazy altar of Hepliaklqana.
  5348 | D:8      | Found a bloodstained altar of Trog.
  5558 | D:8      | Reached XP level 10. HP: 91/101 MP: 9/9
  5583 | D:8      | XOM: 1-stop teleportation journey
  5893 | D:8      | XOM: divination: detect items
  5907 | D:8      | Reached skill level 5 in Dodging
  5910 | D:8      | Reached skill level 11 in Unarmed Combat
  6096 | D:8      | XOM: potion effect (haste)
  6100 | D:8      | XOM: silly message
  6102 | D:8      | XOM: noise
  6113 | D:8      | XOM: silly message
  6186 | D:8      | Identified the ring "Sigumnith" {*Corrode AC+4 Dex+4}
  6261 | D:8      | XOM: silly message
  6339 | D:9      | Found a staircase to the Lair.
  6374 | D:9      | Noticed a sun demon
  6387 | D:9      | Slain by a sun demon

Illustrated notes

Levels and vault maps discovered:
D:1:      lightli_arrival_isolated_outpost, layout_basic,
          shapermc_ecumenical_altar_notcrosses
D:2:      layout_basic, minmay_box_of_dots
D:3:      minmay_inner_zag, layout_rooms
D:4:      minmay_diamond_boxcup, layout_loops_ring, temple_pool_b,
          nicolae_ossuary_entry_giza, nicolae_figureground_pulse
D:5:      lemuel_castle_with_subvaults [lemuel_castle_interior_carwin_1],
          layout_loops_cross, nicolae_specific_store, uniq_pikel
D:6:      layout_gridville, chequers_serial_rivers_small_a
D:7:      layout_basic, uniq_crazy_yiuf_cottage, uniq_jeremiah
D:8:      cheibrodos_helix_gallery, layout_loops_corners,
          gammafunk_temple_overflow_pools, kennysheep_generic_room_10
D:9:      layout_basic, lair_entry_dummy, minmay_orc_entry_temple_small,
          serial_shops, shop_fountains, nicolae_shop_gaudy_bauble,
          nicolae_shop_rolled_up, minmay_misc_feat_encased,
          chequers_serial_rivers_micro_d, grunt_ministairs_5

Skill      XL: |  1  2  3  4  5  6  7  8  9 10 |
---------------+-------------------------------+-----
Dodging        | 2 3 4 5 |  5.2
Fighting       | 3 4 |  4.0
Unarmed Combat | 4 5 6 8 9 10 11 | 11.3
Evocations     | 1 2 3 4 |  4.5
Stealth        | 1 2 |  2.7
Shields        | 1 2 |  2.5

Action                     |  1- 3 |  4- 6 |  7- 9 | 10-12 || total
---------------------------+-------+-------+-------+-------++-------
  Melee: Unarmed           |   100 |   148 |   349 |    90 ||   687
         Punch             |     1 |     3 |    14 |     7 ||    25
    Use: Scroll            |       |     2 |     6 |       ||     8
         Potion            |       |       |     1 |     1 ||     2
   Stab: Sleeping          |     1 |       |     9 |       ||    10
         Distracted        |       |       |     1 |       ||     1
 Armour: Robe              |    51 |    56 |   190 |    59 ||   356
  Dodge: Dodged            |    37 |    50 |   166 |    30 ||   283
  Block: Other             |     4 |    16 |    64 |    16 ||   100

Table legend: (Time is in decaauts)
 A = Elapsed time spent in this place.
 B = Non-inter-level travel time spent in this place.
 C = Inter-level travel time spent in this place.
 D = Time resting spent in this place.
 E = Time spent auto-exploring this place.
 F = Levels seen in this place.
 G = Mean time per level.
                   A        B        C        D        E       F      G
               +--------+--------+--------+--------+--------+-----+--------+
         Total |   6226 |   6017 |    209 |    115 |   4377 |  10 |  622.6 |
       Dungeon |   6066 |   5857 |    209 |     91 |   4322 |   9 |  674.0 |
       Ossuary |    160 |    160 |      0 |     24 |     54 |   1 |  160.0 |
               +--------+--------+--------+--------+--------+-----+--------+

Top non-repeatable levels by time:
     D:7: 1148 daAuts
     D:8: 969 daAuts
     D:5: 875 daAuts
     D:4: 786 daAuts
     D:6: 607 daAuts
     D:1: 555 daAuts
     D:3: 552 daAuts
     D:2: 522 daAuts
 Ossuary: 160 daAuts
     D:9: 49 daAuts
